 Dungeon Crawl Stone Soup version 0.29.1-1-gd02db6906a (webtiles) character file.

Game seed: 12249315271471978313

9 ExZ the Sneak (level 2, -1/13 HPs)
             Began as a Spriggan Earth Elementalist on Sept 15, 2022.
             Hit by a stone thrown by a kobold (2 damage)
             ... on level 1 of the Dungeon.
             The game lasted 00:00:42 (88 turns).

ExZ the Sneak (Spriggan Earth Elementalist)           Turns: 88, Time: 00:00:43

Health: -1/13      AC:  2    Str:  4    XL:     2   Next: 6%
Magic:  0/7        EV: 17    Int: 16    God:
Gold:   14         SH:  0    Dex: 15    Spells: 6/7 levels left

rFire   . . .      SeeInvis +   (weapon restricted)
rCold   . . .      Faith    .   (no shield)
rNeg    . . .      Spirit   .   a - +0 robe
rPois   .          Reflect  .   (helmet restricted)
rElec   .          Harm     .   (no cloak)
rCorr   .          Rampage  .   (gloves unavailable)
Will    .....                   (boots unavailable)
Stlth   ++........              (no amulet)
HPRegen 0.04/turn               (no ring)
MPRegen 0.10/turn               (no ring)

@: very quick
A: very small, no large weapons, unfitting armour, see invisible, speed 3
a: no special abilities


You were on level 1 of the Dungeon.
You visited 1 branch of the dungeon, and saw 1 of its levels.

You collected 14 gold pieces.

Inventory:

Armour
 a - a +0 robe (worn)
Scrolls
 c - 2 scrolls of identify {unknown}
Potions
 b - a potion of magic


   Skills:
 + Level 2.9 Dodging
 + Level 3.2 Stealth
 * Level 3.0 Spellcasting
 - Level 1.3 Transmutations
 * Level 2.9 Earth Magic


You had 6 spell levels left.
You knew the following spells:

 Your Spells              Type           Power      Damage    Failure   Level
a - Sandblast             Erth           22%        2d7       5%          1

Your spell library contained the following spells:

 Spells                   Type           Power      Damage    Failure   Level
 Passwall                 Tmut/Erth      7%         N/A       12%         2
 Stone Arrow              Conj/Erth      14%        3d7       30%         3
 Petrify                  Tmut/Erth      9%         N/A       58%         4


Dungeon Overview and Level Annotations

Branches:
Dungeon (1/15)

Altars:


Innate Abilities, Weirdness & Mutations

You are very small and have problems with some larger weapons.
You are too small for most types of armour.
You have supernaturally acute eyesight. (SInv)
You cover ground extremely quickly. (Speed+++)


Message History

The blast of sand misses the quokka.
The quokka bites you. The quokka completely misses you.
Unknown command.
You see here a +0 club.
Aiming: Sandblast (safe; 6% risk of failure)
Press: ? - help, Q - select action Shift-Dir - straight line, f/p - quokka
Aim: a quokka (75% to hit)
The blast of sand hits the quokka!
You kill the quokka!
You have reached level 2!
Things that are here:
a +0 dagger; a goblin corpse
Found a ring mail.
The ball python bites you but does no damage.
The ball python barely misses you. The ball python misses you.
The ball python barely misses you.
A giant cockroach comes into view.
The kobold hits you with a +1 short sword of venom.
You are poisoned.
You feel sick.
You feel sick.
You feel sick.
Aiming: Sandblast (safe; 5% risk of failure)
Press: ? - help, Q - select action Shift-Dir - straight line, f - ball python
Aim: a ball python (80% to hit)
The blast of sand hits the ball python!
You kill the ball python!
You feel sick.
The kobold throws a stone.
The stone closely misses you.
* * * LOW HITPOINT WARNING * * *
You feel sick.
Unknown command.
Found a quarterstaff.
* * * LOW HITPOINT WARNING * * *
You feel sick.
Found a stone staircase leading down.
* * * LOW HITPOINT WARNING * * *
You feel sick.
You are no longer poisoned.
The kobold throws a stone.
The stone hits you.
You die...

#....................#
........###.###.##...###
#...†...# #.# #.###.##
.......## #.# #.# .#
####..# #.# #K# .# #..
#.# #.# .# #.. .###.##
[# #...# ♣.♣@####>#.#
#...........
♣.♣#####..## ... #)♣.
#.#. # ♣.


You could see a kobold.

Vanquished Creatures
  3 bats (D:1)
  A giant cockroach (D:1)
  A goblin (D:1)
  A quokka (D:1)
  A ball python (D:1)
  A frilled lizard (D:1)
8 creatures vanquished.

Notes
Turn   | Place    | Note
-------+----------+-------------------------------------------
     0 | D:1      | ExZ the Spriggan Earth Elementalist began the quest for the
                  | Orb.
     0 | D:1      | Reached XP level 1. HP: 9/9 MP: 5/5
    71 | D:1      | Reached XP level 2. HP: 12/13 MP: 0/7
    88 | D:1      | Hit by a stone thrown by a kobold

Illustrated notes

Levels and vault maps discovered:
D:1:      lightli_arrival_lavapool, layout_loops_ring,
          ebering_ecumenical_altar_rust, serial_forest, infiniplex_forest_end_2,
          infiniplex_forest_lined_3, infiniplex_forest_lined_3,
          infiniplex_forest_3_way, infiniplex_forest_straight_5,
          infiniplex_forest_end_3, infiniplex_forest_end_2,
          infiniplex_forest_straight_1

Skill      XL: |  1 |
---------------+----+-----
Spellcasting   | 3 |  3.0
Dodging        | |  2.9
Stealth        | |  3.2
Transmutations | |  1.3
Earth Magic    | |  2.9

Action                   || total
-------------------------++-------
 Cast: Sandblast         ||    10
Armor: Robe              ||     2
Dodge: Dodged            ||     5
